 Dungeon Crawl Stone Soup version 0.31.0-9-g3a7656b989 (webtiles) character file.

Game seed: 14092594465991898351

97 qw the Shooter (level 4, 0/22 HPs)
             Began as a Spriggan Hunter on Feb 2, 2024.
             Succumbed to an adder's poison
             ... on level 2 of the Dungeon.
             The game lasted 00:00:04 (1200 turns).

qw the Shooter (Spriggan Hunter)                    Turns: 1200, Time: 00:00:05

Health: 0/22       AC:  2    Str:  7    XL:     4   Next: 42%
Magic:  5/5        EV: 20    Int: 10    God:
Gold:   74         SH:  0    Dex: 20    Spells: 3/3 levels left

rFire   . . .        a - +2 shortbow
rCold   . . .        (shield currently unavailable)
rNeg    . . .        c - +0 robe
rPois   .            (helmet restricted)
rElec   .            (no cloak)
rCorr   .            (gloves unavailable)
SInv    +            (boots unavailable)
Will    .....        l - amulet of faith
Stlth   ++           (no ring)
HPRegen 0.23/turn    (no ring)
MPRegen 0.09/turn

%: faith
@: lethally poisoned (0 -> -1), very quick
A: very small, no large weapons, unfitting armour, see invisible, speed 3
a: no special abilities


You were on level 2 of the Dungeon.
You visited 1 branch of the dungeon, and saw 2 of its levels.

You collected 74 gold pieces.


Innate Abilities, Weirdness & Mutations

You are very small and have problems with some larger weapons.
You are too small for most types of armour.
You have supernaturally acute eyesight. (SInv)
You cover ground extremely quickly. (Speed+++)


   Skills:
 - Level 1.5 Fighting
 - Level 5.0 Ranged Weapons
 + Level 4.9 Dodging
 - Level 1.5 Stealth


You had 3 spell levels left.
You didn't know any spells.
Your spell library was empty.

Inventory:

Hand Weapons
 a - a +2 shortbow (weapon)
Armour
 c - a +0 robe (worn)
Jewellery
 b - a +6 ring of intelligence
 l - an amulet of faith (around neck)
Scrolls
 h - a scroll of teleportation
Potions
 d - a potion of curing {unknown}
 e - a potion of lignification {unknown}
 g - a potion of resistance {unknown}

Dungeon Overview and Level Annotations

Branches:
Dungeon (2/15)

Altars:
Elyvilon


Message History

The gnoll hits you with a +0 club. The gnoll misses you.
You shoot an arrow. The adder hisses angrily.
The arrow hits the gnoll.
You kill the gnoll!
The gnoll misses you.
You shoot an arrow. The arrow barely misses the gnoll.
A gnoll comes into view. It is wielding a +0 flail.
The gnoll hits you with a +0 club. The gnoll hits you with a +0 whip.
You shoot an arrow. The arrow hits the gnoll!
The gnoll is almost dead.
The gnoll completely misses you. The gnoll closely misses you.
You shoot an arrow. The arrow hits the gnoll.
You kill the gnoll!
The gnoll completely misses you.
You shoot an arrow. The arrow hits the gnoll!
The gnoll is almost dead.
The gnoll hits you with a +0 whip!
1193 ||| READING 2 scrolls of teleportation.
As you read the scroll of teleportation, it crumbles to dust.
You feel strangely unstable. The adder misses you. The gnoll misses you.
You shoot an arrow. The arrow hits the gnoll!
You kill the gnoll!
The adder misses you. The adder closely misses you.
You shoot an arrow. The arrow closely misses the adder.
The adder bites you.
You are lethally poisoned!
The adder poisons you!
You shoot an arrow. The arrow barely misses the adder.
Your surroundings suddenly seem different.
You feel sick.
There is a lethal amount of poison in your body!
You feel sick.
There is a lethal amount of poison in your body!
You feel sick.
There is a lethal amount of poison in your body!
You feel sick.
There is a lethal amount of poison in your body!
You die...

###### [....# ####.#
####.######## ###
............. ..#
###..#.###### #.#
.....#.# #.######
####.#.# #......# #.#.#
#@# ##.### #.#.# ###.#
#..P.# #.#.## # #...#
#8.P.# #.#.#.... #.###
#....# ####.#.#.P¤. #.#
#...8#
.)...#.#.¤¤¤##.#####...##
#####.¤¤..P.¤...........#
###..####¤¤##..####...##
##...P#####.##..# ##.##


There were no monsters in sight!

Vanquished Creatures
  3 gnolls (D:2)
  An adder (D:2)
  An adder skeleton (D:2)
  An adder zombie (D:2)
  A dart slug (D:1)
  3 ball pythons
  3 bats
  A bat zombie (D:2)
  8 endoplasms
  2 giant cockroaches (D:1)
  2 goblins (D:1)
  5 hobgoblins
  2 jackals (D:1)
  3 quokkas (D:1)
  2 ball python skeletons (D:2)
  4 frilled lizards
  A jackal skeleton (D:2)
  3 kobolds
  4 rats
50 creatures vanquished.

Notes
Turn   | Place    | Note
-------+----------+-------------------------------------------
     0 | D:1      | qw the Spriggan Hunter began the quest for the Orb.
     0 | D:1      | Reached XP level 1. HP: 10/10 MP: 2/2
     0 | D:1      | 0 ||| qw: Version: 0.3-a-155-g5e7d8dd
     0 | D:1      | 0 ||| qw: Game counter: 2736
     0 | D:1      | 0 ||| qw: Melee chars always use a shield: true
     0 | D:1      | 0 ||| qw: God list: Okawaru
     0 | D:1      | 0 ||| qw: Allow faded altars: false
     0 | D:1      | 0 ||| qw: Do Orc after clearing Dungeon:15 true
     0 | D:1      | 0 ||| qw: Do second Lair branch before Depths: true
     0 | D:1      | 0 ||| qw: Lair rune preference: random
     0 | D:1      | 0 ||| qw: Goals: Normal
     0 | D:1      | 0 ||| PLANNING D:1-11
    54 | D:1      | Reached skill level 3 in Dodging
    72 | D:1      | Reached XP level 2. HP: 8/14 MP: 3/3
   521 | D:1      | Reached XP level 3. HP: 18/18 MP: 4/4
   727 | D:1      | Found a white marble altar of Elyvilon.
   823 | D:1      | 823 ||| UPGRADING to amulet of faith.
   828 | D:1      | 828 ||| DROPPING ring of flight.
   829 | D:1      | 829 ||| READING 2 scrolls labelled FUSHAO QUSA.
   829 | D:1      | 829 ||| ENCHANTING +0 shortbow.
   830 | D:1      | 830 ||| READING scroll of enchant weapon.
   830 | D:1      | 830 ||| ENCHANTING +1 shortbow.
   831 | D:1      | 831 ||| READING 3 scrolls labelled JOJ ZUARA.
   836 | D:1      | 836 ||| READING scroll labelled CILINKOXTE.
   837 | D:1      | 837 ||| READING scroll labelled JAHORI WIBLIT.
   838 | D:1      | 838 ||| DRINKING 2 puce potions.
   839 | D:1      | 839 ||| DROPPING scroll of butterflies.
   840 | D:1      | 840 ||| DROPPING potion of invisibility.
  1059 | D:2      | Reached skill level 5 in Ranged Weapons
  1178 | D:2      | Reached XP level 4. HP: 22/22 MP: 5/5
  1192 | D:2      | HP: 5/22 [gnoll/+0 whip (7)]
  1193 | D:2      | 1193 ||| READING 2 scrolls of teleportation.
  1197 | D:2      | HP: 2/22 [poisoned by an adder]
  1200 | D:2      | Succumbed to an adder's poison

Levels and vault maps discovered:
D:1:      sevenhm_arrival_forest_fort_small_6, layout_basic,
          kennysheep_pointless_box, nrook_uturn, st_stairs_6,
          minmay_split_cup_large
D:2:      layout_loops_ring, serial_undead, serial_undead_b, serial_undead_c,
          serial_undead_c, serial_undead_c, serial_undead_f, serial_undead_e,
          minmay_misc_feat_enclosed

Skill      XL: |  1  2  3 |
---------------+----------+-----
Dodging        | 3 4 |  4.9
Ranged Weapons | 5 |  5.0
Fighting       | |  1.5
Stealth        | |  1.5

Action                     |  1- 3 |  4- 6 || total
---------------------------+-------+-------++-------
   Fire: Shortbow          |   110 |    15 ||   125
    Use: Scroll            |     5 |     1 ||     6
         Potion            |     1 |       ||     1
 Armour: Robe              |     5 |     5 ||    10
  Dodge: Dodged            |    46 |    12 ||    58

Table legend:
 A = Non-vault XP
 B = Vault XP
 C = Vault XP percentage of total XP
 D = Non-vault monster count
 E = Vault monster count
 F = Vault count percentage of total count
                 A         B        C        D         E       F
            +---------+---------+-------+---------+---------+-------
      Total |     113 |      26 |  18.7 |      39 |      11 |  22.0
            +---------+---------+-------+---------+---------+-------
        D:1 |      39 |      11 |  22.0 |      22 |       5 |  18.5
        D:2 |      74 |      15 |  16.9 |      17 |       6 |  26.1
            +---------+---------+-------+---------+---------+-------
